 Dungeon Sprint DCSS version 0.25.1-2-g60ff931df9 (webtiles) character file.

Game seed: 18088370337893181848

9002 howech the Covert (level 11, -12/65 HPs)
             Began as a Deep Elf Fire Elementalist on Oct 23, 2020.
             Was a High Priest of Okawaru.
             Mangled by an emperor scorpion (42 damage)
             ... in the Dungeon (Sprint V: "Ziggurat Sprint").
             The game lasted 00:13:03 (831 turns).

howech the Covert (Deep Elf Fire Elementalist)       Turns: 831, Time: 00:13:04

Health: -12/65     AC:  4    Str:  5    XL:     11   Next: 17%
Magic:  1/27       EV: 30    Int: 24    God:    Okawaru [*****.]
Gold:   0          SH:  0    Dex: 27    Spells: 20/31 levels left

rFire    . . .     SeeInvis .   J - +7 Screaming Sword {vorpal, sonic wave}
rCold    . . .     Gourm    .   (no shield)
rNeg     . . .     Faith    .   Q - +2 robe {MR+}
rPois    .         Spirit   .   (no helmet)
rElec    .         Reflect  .   M - scarf {repulsion}
rCorr    .         Harm     .   (no gloves)
MR       ++...     NoTele   +   (no boots)
Stlth    ++++++++..             p - amulet of regeneration
HPRegen  0.60/turn              C - +6 ring of dexterity
MPRegen  0.20/turn              D - +6 ring of dexterity

@: lethally poisoned (-12 -> -27), heroism, finesse, very slightly contaminated,
hasted, studying 2 skills, repel missiles, very quick
A: no striking features
a: Heroism, Finesse, Renounce Religion


You were in the Dungeon.
You worshipped Okawaru.
Okawaru was extremely pleased with you.
You were very hungry.

You visited 1 branch

Inventory:

Hand Weapons
 J - the +7 Screaming Sword (weapon) {vorpal, sonic wave}
   (You found it in the Dungeon)

   It inflicts extra damage upon your enemies.
 V - the +10 zealot's sword {holy, *Rage rN+ EV+3}
   (You found it in the Dungeon)

   It has been blessed by the Shining One to cause great damage to the undead
   and demons.
   It affects your evasion (+3).
   It protects you from negative energy.
   It may make you go berserk in combat.
Armour
 b - +5 fire dragon scales
 j - +5 gold dragon scales
 k - +5 shadow dragon scales
 l - +5 storm dragon scales
 M - a scarf of repulsion (worn)
 Q - a +2 robe of magic resistance (worn)
Jewellery
 p - an amulet of regeneration (around neck)
 B - an uncursed ring of flight
 C - a +6 ring of dexterity (left hand)
 D - a +6 ring of dexterity (right hand)
 E - a +6 ring of intelligence
 F - a +6 ring of intelligence
 G - a +6 ring of strength
 H - a +6 ring of strength
 K - a +6 ring of intelligence
 L - the ring "Oxaxau" {MR+ Slay+2}
   (You found it in the Dungeon)

   [ring of protection from magic]

   It affects your accuracy and damage with ranged weapons and melee attacks
   (+2).
   It affects your resistance to hostile enchantments.
 N - an uncursed ring of magical power
 O - the ring of Icla {MP+9 Str+4}
   (You found it in the Dungeon)

   [ring of magical power]

   It affects your strength (+4).
   It affects your magic capacity (+9).
 P - an uncursed ring of wizardry
 R - the ring "Kiweygeh" {+Blink Dex+2 Slay+3 Stlth-}
   (You found it in the Dungeon)

   [ring of attention]

   It affects your dexterity (+2).
   It affects your accuracy and damage with ranged weapons and melee attacks
   (+3).
   It lets you blink.
   It makes you less stealthy.
 T - an uncursed ring of fire
 W - the ring of Zekhlats {Wiz rPois Dex+3}
   (You found it in the Dungeon)

   [ring of wizardry]

   It improves your spell success rate.
   It affects your dexterity (+3).
   It protects you from poison.
 Y - an uncursed amulet of guardian spirit
 Z - an uncursed ring of wizardry
Wands
 y - a wand of disintegration (6)
 z - a wand of iceblast (5)
 A - a wand of acid (7)
Scrolls
 i - 4 scrolls of blinking
 s - 4 scrolls of amnesia
 t - 7 scrolls of fog
 u - a scroll of holy word
 v - 5 scrolls of identify
 w - 5 scrolls of remove curse
 x - 2 scrolls of fear
 S - a scroll of brand weapon
 U - 4 scrolls of enchant armour
Potions
 d - 11 potions of curing
 e - 7 potions of heal wounds
 f - 4 potions of haste
 g - 7 potions of magic
 h - 3 potions of berserk rage
 m - a potion of brilliance
 o - 4 potions of resistance
 q - 3 potions of stabbing
 r - 5 potions of might
Books
 a - a manual of Short Blades
 X - a manual of Long Blades
Miscellaneous
 I - a lightning rod (4/4)
Comestibles
 c - 7 rations
 n - 10 chunks of flesh


   Skills:
 - Level 6.3(11.3) Fighting
 + Level 12.6(17.6) Long Blades
 + Level 3.5(8.5) Armour
 + Level 10.6(15.6) Dodging
 - Level 13.7(18.7) Stealth
 + Level 10.8 Spellcasting
 * Level 8.6 Conjurations
 * Level 12.2 Fire Magic
 + Level 6.8 Earth Magic
 + Level 5.3 Invocations
 + Level 4.9 Evocations


You had 20 spell levels left.
You knew the following spells:

 Your Spells              Type           Power        Failure   Level  Hunger
a - Foxfire               Conj/Fire      ####         1%          1    None
b - Fireball              Conj/Fire      ######....   1%          5    ####...
c - Lee's Rapid Deconstr  Erth           #####.....   9%          5    ####...

Your spell library contained the following spells:

 Spells                   Type           Power        Failure   Level  Hunger
 Sandblast                Erth           #####.       1%          1    None
 Passwall                 Tmut/Erth      ####....     1%          2    None
 Conjure Flame            Conj/Fire      ######..     1%          3    None
 Inner Flame              Hex/Fire       #####...     1%          3    None
 Stone Arrow              Conj/Erth      ######       1%          3    None
 Sticky Flame             Conj/Fire      ######..     1%          4    None
 Dazzling Flash           Conj/Hex       ####..       2%          3    None
 Corona                   Hex            ##.....      4%          1    None
 Infusion                 Chrm           ##..         4%          1    None
 Ensorcelled Hibernation  Hex/Ice        ##....       8%          2    None
 Shroud of Golubria       Chrm/Tloc      ##....       8%          2    None
 Song of Slaying          Chrm           ##......     8%          2    None
 Petrify                  Tmut/Erth      ####....     12%         4    None
 Confusing Touch          Hex            ##......     14%         3    None
 Gell's Gravitas          Tloc           ##........   14%         3    None
 Ozocubu's Armour         Chrm/Ice       ##......     14%         3    None
 Portal Projectile        Hex/Tloc       ##....       14%         3    None
 Recall                   Summ/Tloc      N/A          14%         3    None
 Spectral Weapon          Hex/Chrm       ##......     14%         3    None
 Tukima's Dance           Hex            ##......     14%         3    None
 Borgnjor's Vile Clutch   Necr/Erth      ####......   32%         5    ####...
 Animate Dead             Necr           N/A          43%         4    None
 Aura of Abjuration       Summ           ##........   80%         5    ####...
 Summon Demon             Summ           ##........   80%         5    ####...
 Summon Forest            Summ/Tloc      ##........   80%         5    ####...
 Summon Mana Viper        Hex/Summ       ##......     80%         5    ####...
 Death Channel            Necr           ##........   100%        6    #####..
 Dispersal                Tloc           ##........   100%        6    #####..
 Shadow Creatures         Summ           N/A          100%        6    #####..
 Simulacrum               Ice/Necr       ##........   100%        6    #####..
 Controlled Blink         Tloc           N/A          100%        8    #######
 Disjunction              Tloc           ##........   100%        8    #######


Dungeon Overview and Level Annotations

Branches:
Dungeon (1/1)

Altars:
Ashenzari
Cheibriados
Dithmenos
Elyvilon
Fedhas
Gozag
Hepliaklqana
Kikubaaqudgha
Makhleb
Nemelex Xobeh
Okawaru
Qazlal
Ru
Sif Muna
Trog
Uskayaw
Vehumet
Wu Jian
Xom
Yredelemnul
Zin
The Shining One
Beogh
Jiyva
Lugonu

Annotations:
D 1 transporter


Message History

The emperor scorpion is moderately wounded.
The emperor scorpion is heavily wounded.
The moth of wrath is almost dead.
The emperor scorpion is moderately wounded.
The emperor scorpion stings you!!
You are poisoned.
The emperor scorpion poisons you! The emperor scorpion claws you!
The emperor scorpion completely misses you.
You hit the emperor scorpion but do no damage.
The Screaming Sword bellows, "I CUT THROUGH MAGIC!"
You send a blast of sound all around you.
The emperor scorpions and the moth of wrath are blasted.
The emperor scorpion is moderately wounded.
The emperor scorpion is severely wounded.
You kill the moth of wrath!
Okawaru accepts your kill.
The emperor scorpion is moderately wounded.
You feel sick. The emperor scorpion stings you!!!
Ouch! That really hurt!
You die...

▓▓▓▓▓▓▓▓▓▓▓▓
▓...8©8.†.▓...8©8...▓.
▓..|)|=|}.▓..|[.....▓.
▓..):["=..▓....).}..▓.
▓.....†...▓..)).....▓.
▓.........▓.........▓.
▓...†.....▓.........▓.
▓....ss...▓.........▓.
▓..▓.@.▓..▓.........▓.
▓.▓.....▓.▓.........▓.
▓....©....▓....©....▓▓
▓▓▓▓▓▓▓▓▓▓▓▓▓▓▓▓▓▓▓▓▓


You could see 2 emperor scorpions.

Vanquished Creatures
  An entropy weaver (D)
  A hell hog (D)
  A large abomination (D)
  A moth of wrath (D)
  3 rust devils (D)
  A red devil (D)
  2 demonic crawlers (D)
  An ancient zyme (D)
  A jumping spider (D)
  2 hornets (D)
  A hippogriff (D)
  A slime creature (D)
  Sigmund (D)
  3 spriggans (D)
  A tarantella (D)
  A redback (D)
  A yak (D)
  A basilisk (D)
  A golden eye (D)
  A water moccasin (D)
  A porcupine (D)
  Duvessa (D)
  2 hell hounds (D)
  A phantom (D)
  An eye of draining (D)
  6 black bears (D)
  4 wolves (D)
  2 crocodiles (D)
  3 bullfrogs (D)
  Blork the orc (D)
  Dowan (D)
  A wight (D)
  3 crimson imps (D)
  Crazy Yiuf (D)
  3 iron imps (D)
  An iguana (D)
  Jessica (D)
  A mummy (D)
  A river rat (D)
  A shadow imp (D)
  A white imp (D)
  2 ufetubi (D)
  An ooze (D)
  An adder skeleton (D)
  An adder zombie (D)
  2 bat skeletons (D)
  2 bat zombies (D)
  A jackal (D)
73 creatures vanquished.

Vanquished Creatures (others)
  A foxfire (D)
1 creature vanquished.

Grand Total: 74 creatures vanquished

Notes
Turn   | Place    | Note
-------+----------+-------------------------------------------
     0 | D        | howech the Deep Elf Fire Elementalist began the quest for
                  | the Orb.
     0 | D        | Reached XP level 1. HP: 10/10 MP: 6/6
     3 | D        | Found a blossoming altar of Fedhas.
     4 | D        | Found the +6 Majin-Bo {vamp, Archmagi MP+6 Int+6}
     4 | D        | Found the +7 great mace "Firestarter" {inner flame, rF++}
     5 | D        | Found a shimmering blue altar of Sif Muna.
     5 | D        | Found a sacrificial altar of Ru.
     5 | D        | Found a bloodstained altar of Trog.
     5 | D        | Found a stormy altar of Qazlal.
     5 | D        | Found an iron altar of Okawaru.
     5 | D        | Found a sparkling altar of Nemelex Xobeh.
     7 | D        | Found a transporter.
     7 | D        | Found an ancient bone altar of Kikubaaqudgha.
     7 | D        | Found a viscous altar of Jiyva.
     7 | D        | Found a corrupted altar of Lugonu.
     7 | D        | Found a hazy altar of Hepliaklqana.
     7 | D        | Found a burning altar of Makhleb.
     7 | D        | Found an opulent altar of Gozag.
    30 | D        | Found the +6 shillelagh "Devastator" {shatter}
    30 | D        | Found the +11 plutonium sword {*Contam Stlth-}
    30 | D        | Found the +8 lance "Wyrmbane" {slay drac, rPois rF+ rC+
                  | AC+3}
    30 | D        | Found the +9 sword of Zonguldrok {reap}
    30 | D        | Found the cursed +13 scythe of Curses {drain, *Curse}
    30 | D        | Found the +0 sword of Power
    30 | D        | Found the +7 mace of Variability {chain chaos}
    30 | D        | Found the +7 Singing Sword {vorpal, sonic wave}
    30 | D        | Found the +8 storm bow {elec, penet}
    34 | D        | Became a worshipper of Warmaster Okawaru
    42 | D        | Reached skill level 5 in Fire Magic
    42 | D        | Reached XP level 2. HP: 15/15 MP: 7/11
    79 | D        | Entered arena 2.
    79 | D        | Noticed a crimson imp
    79 | D        | Found a transporter.
    88 | D        | Killed a crimson imp
    88 | D        | Reached skill level 3 in Stealth
    88 | D        | Reached XP level 3. HP: 18/19 MP: 13/13
    96 | D        | Entered arena 3.
    96 | D        | Noticed a phantom
    96 | D        | Found a transporter.
   106 | D        | Killed a phantom
   106 | D        | Reached * piety under Okawaru
   106 | D        | Reached skill level 6 in Stealth
   106 | D        | Reached XP level 4. HP: 18/24 MP: 13/15
   106 | D        | Reached XP level 5. HP: 21/28 MP: 14/17
   122 | D        | Entered arena 4.
   122 | D        | Noticed a golden eye
   122 | D        | Noticed an eye of draining
   122 | D        | Noticed a slime creature
   122 | D        | Found a transporter.
   126 | D        | Killed a golden eye
   126 | D        | Reached ** piety under Okawaru
   126 | D        | Reached skill level 1 in Fighting
   126 | D        | Reached skill level 5 in Dodging
   126 | D        | Reached skill level 7 in Stealth
   126 | D        | Reached XP level 6. HP: 34/34 MP: 7/19
   127 | D        | Reached skill level 8 in Stealth
   130 | D        | Killed a slime creature
   130 | D        | Reached *** piety under Okawaru
   130 | D        | Reached skill level 9 in Stealth
   130 | D        | Reached skill level 10 in Fire Magic
   130 | D        | Reached XP level 7. HP: 6/39 MP: 7/21
   210 | D        | Entered arena 5.
   210 | D        | Noticed a yak
   210 | D        | Found a transporter.
   217 | D        | Reached skill level 5 in Long Blades
   220 | D        | Killed a yak
   220 | D        | Reached skill level 10 in Stealth
   228 | D        | Got the ring "Oxaxau" {MR+ Slay+2}
   235 | D        | Entered arena 6.
   235 | D        | Noticed a spriggan
   235 | D        | Found a transporter.
   236 | D        | Found the +4 dagger "Morg" {pain, MR+ Int+5}
   243 | D        | Reached **** piety under Okawaru
   243 | D        | Reached skill level 11 in Stealth
   243 | D        | Reached XP level 8. HP: 15/46 MP: 23/23
   280 | D        | Learned a level 5 spell: Fireball
   297 | D        | Entered arena 7.
   297 | D        | Noticed a hell hog
   297 | D        | Noticed an ancient zyme
   298 | D        | Found a transporter.
   307 | D        | Killed a hell hog
   307 | D        | Reached ***** piety under Okawaru
   307 | D        | Reached skill level 12 in Stealth
   307 | D        | Reached skill level 1 in Invocations
   310 | D        | Killed an ancient zyme
   310 | D        | Reached XP level 9. HP: 34/53 MP: 22/24
   370 | D        | Entered arena 8.
   370 | D        | Noticed Sigmund
   370 | D        | Noticed Jessica
   370 | D        | Noticed Blork the orc
   370 | D        | Noticed Crazy Yiuf
   370 | D        | Noticed Dowan
   370 | D        | Noticed Duvessa
   371 | D        | Found a transporter.
   373 | D        | Killed Jessica
   374 | D        | Killed Dowan
   374 | D        | Reached skill level 5 in Fighting
   374 | D        | Killed Crazy Yiuf
   374 | D        | Killed Blork the orc
   374 | D        | Reached skill level 10 in Long Blades
   374 | D        | Reached skill level 1 in Evocations
   376 | D        | Killed Duvessa
   376 | D        | Received a gift from Okawaru
   378 | D        | Killed Sigmund
   378 | D        | Reached skill level 13 in Stealth
   395 | D        | Got the ring of Icla {MP+9 Str+4}
   406 | D        | Learned a level 5 spell: Lee's Rapid Deconstruction
   406 | D        | Entered arena 9.
   406 | D        | Noticed a large abomination
   407 | D        | Found a transporter.
   411 | D        | Killed a large abomination
   411 | D        | Reached skill level 5 in Conjurations
   480 | D        | Entered arena 10.
   481 | D        | Found the +10 zealot's sword {holy, *Rage rN+ EV+3}
   481 | D        | Found a transporter.
   485 | D        | Reached XP level 10. HP: 60/60 MP: 13/25
   497 | D        | Got the ring "Kiweygeh" {+Blink Dex+2 Slay+3 Stlth-}
   650 | D        | Entered arena 11.
   651 | D        | Found a transporter.
   659 | D        | Reached skill level 1 in Armour
   659 | D        | Reached skill level 5 in Earth Magic
   674 | D        | Got the ring of Zekhlats {Wiz rPois Dex+3}
   750 | D        | Entered arena 12.
   750 | D        | Identified the +3 shortbow "Faiff" {speed, rElec rF+ Int-4
                  | Dex+2}
   750 | D        | Noticed a rust devil
   750 | D        | Noticed a rust devil
   750 | D        | Noticed a rust devil
   753 | D        | Found a transporter.
   754 | D        | Killed a rust devil
   754 | D        | Reached skill level 10 in Spellcasting
   755 | D        | Killed a rust devil
   755 | D        | Killed a rust devil
   755 | D        | Reached skill level 10 in Dodging
   817 | D        | Entered arena 13.
   817 | D        | Noticed a moth of wrath
   818 | D        | Noticed an emperor scorpion
   818 | D        | Noticed an emperor scorpion
   818 | D        | Noticed an entropy weaver
   819 | D        | Found a transporter.
   823 | D        | Received a gift from Okawaru
   826 | D        | Killed an entropy weaver
   826 | D        | Reached skill level 5 in Invocations
   826 | D        | Reached XP level 11. HP: 58/65 MP: 0/27
   831 | D        | Mangled by an emperor scorpion

Illustrated notes

Levels and vault maps discovered:
D:        sprint_v [room_start, room_1, room_2, room_3, room_4, room_5, room_6,
          room_7, room_8, room_9, room_10, room_11, room_12, room_13, room_14,
          room_15, room_16, room_17, room_18, room_19, room_20, room_21,
          room_22, room_23, room_24, room_25, room_26, room_27]

Skill      XL: |  1  2  3  4  5  6  7  8  9 10 |
---------------+-------------------------------+-----
Spellcasting   | 6 7 8 9 10 | 10.8
Conjurations   | 4 5 8 |  8.6
Fire Magic     | 5 6 7 9 10 12 | 12.2
Dodging        | 3 4 5 6 7 8 9 10 | 10.6
Stealth        | 3 6 7 9 11 12 13 | 13.7
Long Blades    | 2 3 4 6 9 11 12 | 12.6
Fighting       | 1 3 4 6 |  6.3
Invocations    | 1 2 5 |  5.3
Evocations     | 1 4 |  4.9
Earth Magic    | 4 6 |  6.8
Armour         | 3 |  3.5

Action                   |  1- 3 |  4- 6 |  7- 9 | 10-12 || total
-------------------------+-------+-------+-------+-------++-------
Melee: Double sword      |    11 |     6 |    32 |    17 ||    66
 Cast: Fireball          |       |       |     5 |     6 ||    11
       Foxfire           |       |       |       |     1 ||     1
Invok: Heroism           |       |       |     3 |     3 ||     6
       Finesse           |       |       |     1 |     3 ||     4
Evoke: Wand              |       |       |     1 |     2 ||     3
  Use: Potion            |     4 |       |     6 |     1 ||    11
 Stab: Sleeping          |     5 |       |     4 |       ||     9
       Invisible         |     1 |       |     2 |       ||     3
Armor: Robe              |     1 |     1 |     2 |     1 ||     5
Dodge: Dodged            |    11 |     4 |    39 |    15 ||    69
       Repelled          |       |       |     2 |       ||     2
       Rpst.: Double sword |     1 |     1 |    14 |     5 ||    21
